 Dungeon Crawl Stone Soup version 0.31-a0-675-g238779eb0a (webtiles) character file.

Game seed: 14824993562106421566

2886 qw the Skirmisher (level 9, -8/57 HPs)
             Began as a Gargoyle Hunter on Sept 5, 2023.
             Was a Follower of Okawaru.
             Killed from afar by Maggie (11 damage)
             ... with a bolt of fire
             ... on level 7 of the Dungeon.
             The game lasted 00:03:41 (6944 turns).

qw the Skirmisher (Gargoyle Hunter)                 Turns: 6944, Time: 00:03:42

Health: -8/57      AC: 17    Str: 15    XL:     9   Next: 77%
Magic:  10/12      EV: 14    Int: 10    God:    Okawaru [*.....]
Gold:   431        SH:  5    Dex: 17    Spells: 8/8 levels left

rFire   . . .        Y - +1 shortbow
rCold   . . .        (shield currently unavailable)
rNeg    + + +        b - +0 ring mail
rPois   inf          l - +0 helmet
rElec   +            i - +0 cloak
rCorr   .            (no gloves)
SInv    .            c - +0 pair of boots
Will    .....        a - amulet of reflection
Stlth   +++          g - ring of positive energy
HPRegen 0.29/turn    n - ring of positive energy
MPRegen 0.13/turn

%: reflection
@: about to teleport, heroic
A: sickness immunity, AC +6, negative energy resistance 1, electricity
resistance, torment resistance 1, petrification resistance
a: Renounce Religion, Heroism


You were on level 7 of the Dungeon.
You worshipped Okawaru.
Okawaru was aware of your devotion.
You visited 2 branches of the dungeon, and saw 8 of its levels.
You also visited: Sewer.

You collected 431 gold pieces.


Innate Abilities, Weirdness & Mutations

You are immune to sickness and miasma.
Your stone body is resilient. (AC +6)
You are immune to poison.
You resist negative energy. (rN+)
You are resistant to electric shocks. (rElec)
You are resistant to unholy torment.
You are immune to petrification.


   Skills:
 - Level 7.0(12.0) Fighting
 + Level 10.9(15.9) Ranged Weapons
 - Level 3.4(8.4) Armour
 - Level 2.4(7.4) Dodging
 - Level 1.1(6.1) Stealth
 - Level 4.1 Invocations


You had 8 spell levels left.
You didn't know any spells.
Your spell library was empty.

Inventory:

Hand Weapons
 Y - a +1 shortbow (weapon)
Armour
 b - a +0 ring mail (worn)
 c - a +0 pair of boots (worn)
 i - a +0 cloak (worn)
 l - a +0 helmet (worn)
Jewellery
 a - an amulet of reflection (around neck)
 g - a ring of positive energy (left hand)
 n - a ring of positive energy (right hand)
Scrolls
 h - 3 scrolls of teleportation
 k - a scroll of identify
Potions
 d - 7 potions of enlightenment
 e - a potion of curing {unknown}
 f - a potion of might
 j - a potion of resistance {unknown}
 m - a potion of ambrosia {unknown}

Dungeon Overview and Level Annotations

Branches:
Dungeon (7/15)             Temple (1/1) D:4           Sewer (visited)

Altars:
Ashenzari
Cheibriados
Dithmenos
Elyvilon
Fedhas
Gozag
Hepliaklqana
Kikubaaqudgha
Makhleb
Nemelex Xobeh
Okawaru
Qazlal
Ru
Sif Muna
Trog
Uskayaw
Vehumet
Wu Jian
Xom
Yredelemnul
Zin
The Shining One

Annotations:
D:3 1 runed translucent door, Crazy Yiuf
D:7 Maggie


Message History

Maggie is moderately wounded.
You shoot an arrow. The arrow hits Maggie.
Maggie is moderately wounded.
You shoot an arrow. The arrow hits Maggie.
Maggie is moderately wounded.
You start resting.
Maggie is nearby!
You shoot an arrow. The arrow hits Maggie.
Maggie is moderately wounded.
You shoot an arrow. The arrow hits Maggie.
Maggie is moderately wounded.
You shoot an arrow.
The arrow hits Maggie but does no damage.
Maggie is moderately wounded.
You shoot an arrow.
The arrow hits Maggie but does no damage.
Maggie is moderately wounded.
Maggie barely misses you.
You shoot an arrow. The arrow closely misses Maggie.
Maggie casts a spell at you. The bolt of fire hits you!!
You shoot an arrow. The arrow barely misses Maggie.
You shoot an arrow. The arrow hits Maggie.
Maggie is heavily wounded.
Maggie hits you from afar with a +0 halberd of distortion.
Space warps around you.
You shoot an arrow. The arrow closely misses Maggie.
You feel like a meek peon again.
Maggie points at you and mumbles some strange words.
The bolt of fire hits you!
6943 ||| READING 4 scrolls of teleportation.
As you read the scroll of teleportation, it crumbles to dust.
You feel strangely unstable.
Maggie hits you from afar with a +0 halberd of distortion.
Space warps around you.
6944 ||| INVOKING Heroism.
You gain the combat prowess of a mighty hero.
Maggie gestures at you while chanting. The bolt of fire hits you!
You die...

.....# .....# #.......#
.....# .......# .....#
......# .....# .>...#
..####### ....###
(.####..#####+#.....#
.........#....#..)..#
.........#....+.@)..# .#
.........#....#%))@.#...#
..##...###..#.......).$.#
####...###..########..###
...#....(....# .)..
...#.........# ...o
...#.........# ...
...#.........# @.
...#.........# .


You could see Maggie.

Vanquished Creatures
  Grinder (D:5)
  Sigmund (D:3)
  A water moccasin (D:6)
  2 orc warriors (D:7)
  An ice beast (D:6)
  2 sky beasts (D:6)
  A black bear (D:5)
  2 ogres
  3 centaurs
  A phantom (D:4)
  Blork the orc (D:5)
  6 scorpions
  2 howler monkeys
  A jelly (D:6)
  2 hounds
  4 orc priests
  A gnoll bouda (D:5)
  Jessica (D:3)
  4 iguanas
  6 orc wizards
  Robin (D:3)
  8 gnolls
  14 adders
  A shadow imp (D:5)
  A white imp (D:7)
  2 ufetubi
  6 worms
  A dart slug (D:1)
  23 orcs
  10 ball pythons
  8 endoplasms
  11 giant cockroaches
  16 goblins
  4 hobgoblins
  3 jackals
  4 kobolds
  4 quokkas
  13 bats
  8 frilled lizards
  9 rats
190 creatures vanquished.

Notes
Turn   | Place    | Note
-------+----------+-------------------------------------------
     0 | D:1      | qw the Gargoyle Hunter began the quest for the Orb.
     0 | D:1      | Reached XP level 1. HP: 12/12 MP: 1/1
     0 | D:1      | 0 ||| qw: Version: 0.3-a-75-g829b12e
     0 | D:1      | 0 ||| qw: Game counter: 65
     0 | D:1      | 0 ||| qw: Melee chars always use a shield: true
     0 | D:1      | 0 ||| qw: God list: Okawaru
     0 | D:1      | 0 ||| qw: Allow faded altars: false
     0 | D:1      | 0 ||| qw: Do Orc after clearing Dungeon:15 true
     0 | D:1      | 0 ||| qw: Do second Lair branch before Depths: true
     0 | D:1      | 0 ||| qw: Lair rune preference: random
     0 | D:1      | 0 ||| qw: Goals: Normal
     0 | D:1      | 0 ||| PLANNING D:1-11
   376 | D:1      | Reached XP level 2. HP: 17/17 MP: 2/2
   902 | D:1      | 902 ||| UPGRADING to +0 helmet.
   907 | D:1      | 907 ||| UPGRADING to ring of positive energy.
   908 | D:1      | 908 ||| READING scroll labelled ZUFELID MYAR.
   909 | D:1      | 909 ||| READING scroll labelled ZEUCZO GUIRPHAPT.
   914 | D:1      | 914 ||| READING scroll labelled ISCHAL VINLEBEW.
   915 | D:1      | 915 ||| READING scroll labelled ULATEI FIOPLE.
   916 | D:1      | 916 ||| READING scroll labelled QAW TUCLAIKUE.
   917 | D:1      | 917 ||| DRINKING 2 white potions.
   918 | D:1      | 918 ||| DROPPING scroll of butterflies.
   919 | D:1      | 919 ||| DROPPING potion of brilliance.
  1094 | D:2      | Reached XP level 3. HP: 21/21 MP: 3/3
  1222 | D:2      | Reached skill level 5 in Ranged Weapons
  1560 | D:2      | Reached skill level 3 in Fighting
  1565 | D:2      | Reached XP level 4. HP: 23/28 MP: 4/4
  1775 | D:2      | 1775 ||| UPGRADING to +0 ring mail.
  1785 | D:2      | 1785 ||| DROPPING +0 leather armour.
  1786 | D:2      | 1786 ||| UPGRADING to amulet of reflection.
  1791 | D:2      | 1791 ||| DROPPING ring of flight.
  1825 | D:3      | Reached skill level 1 in Armour
  1855 | D:3      | Noticed Robin
  1874 | D:3      | Killed Robin
  1887 | D:3      | HP: 7/28 [goblin/+0 dagger[Robin] (3)]
  1889 | D:3      | Reached XP level 5. HP: 6/32 MP: 5/5
  2006 | D:3      | Noticed Jessica
  2013 | D:3      | Killed Jessica
  2282 | D:3      | Reached skill level 6 in Ranged Weapons
  2320 | D:3      | Noticed Sigmund
  2333 | D:3      | Killed Sigmund
  2334 | D:3      | Reached XP level 6. HP: 40/40 MP: 6/6
  2545 | D:3      | Found a runed translucent door.
  2546 | D:3      | Noticed Crazy Yiuf
  2652 | D:3      | 2652 ||| UPGRADING to +0 pair of boots.
  2657 | D:3      | 2657 ||| UPGRADING to +0 cloak.
  2716 | D:4      | 2716 ||| PLANNING SEWER
  2801 | D:4      | 2801 ||| Stepping ~*~*~tactically~*~*~ (water).
  2813 | D:4      | 2813 ||| Stepping ~*~*~tactically~*~*~ (water).
  2815 | D:4      | 2815 ||| Stepping ~*~*~tactically~*~*~ (water).
  2858 | D:4      | 2858 ||| Stepping ~*~*~tactically~*~*~ (water).
  2862 | D:4      | Found a glowing drain.
  2866 | Sewer    | Entered a sewer
  2960 | Sewer    | 2960 ||| Stepping ~*~*~tactically~*~*~ (water).
  3087 | Sewer    | 3087 ||| Stepping ~*~*~tactically~*~*~ (water).
  3108 | Sewer    | 3108 ||| Stepping ~*~*~tactically~*~*~ (water).
  3128 | Sewer    | 3128 ||| Stepping ~*~*~tactically~*~*~ (water).
  3130 | Sewer    | 3130 ||| Stepping ~*~*~tactically~*~*~ (water).
  3132 | Sewer    | 3132 ||| Stepping ~*~*~tactically~*~*~ (water).
  3134 | Sewer    | 3134 ||| Stepping ~*~*~tactically~*~*~ (water).
  3136 | Sewer    | 3136 ||| Stepping ~*~*~tactically~*~*~ (water).
  3138 | Sewer    | 3138 ||| Stepping ~*~*~tactically~*~*~ (water).
  3140 | Sewer    | 3140 ||| Stepping ~*~*~tactically~*~*~ (water).
  3142 | Sewer    | 3142 ||| Stepping ~*~*~tactically~*~*~ (water).
  3144 | Sewer    | 3144 ||| Stepping ~*~*~tactically~*~*~ (water).
  3146 | Sewer    | 3146 ||| Stepping ~*~*~tactically~*~*~ (water).
  3148 | Sewer    | 3148 ||| Stepping ~*~*~tactically~*~*~ (water).
  3304 | D:4      | 3304 ||| PLANNING D:1-11
  3364 | D:4      | 3364 ||| STAIRDANCE
  3368 | D:4      | 3368 ||| STAIRDANCE
  3372 | D:4      | 3372 ||| STAIRDANCE
  3376 | D:4      | 3376 ||| STAIRDANCE
  3380 | D:4      | 3380 ||| STAIRDANCE
  3384 | D:4      | 3384 ||| STAIRDANCE
  3388 | D:4      | 3388 ||| STAIRDANCE
  3392 | D:4      | 3392 ||| STAIRDANCE
  3396 | D:4      | 3396 ||| STAIRDANCE
  3400 | D:4      | 3400 ||| STAIRDANCE
  3404 | D:4      | 3404 ||| STAIRDANCE
  3408 | D:4      | 3408 ||| STAIRDANCE
  3412 | D:4      | 3412 ||| STAIRDANCE
  3416 | D:4      | 3416 ||| STAIRDANCE
  3420 | D:4      | 3420 ||| STAIRDANCE
  3424 | D:4      | 3424 ||| STAIRDANCE
  3428 | D:4      | 3428 ||| STAIRDANCE
  3432 | D:4      | 3432 ||| STAIRDANCE
  3436 | D:4      | 3436 ||| STAIRDANCE
  3440 | D:4      | 3440 ||| STAIRDANCE
  3454 | D:3      | Found a glowing golden altar of the Shining One.
  3545 | D:4      | Reached XP level 7. HP: 44/44 MP: 7/7
  3689 | D:4      | Found a staircase to the Ecumenical Temple.
  3690 | D:4      | 3690 ||| PLANNING TEMPLE
  3694 | D:4      | Reached skill level 7 in Ranged Weapons
  3717 | Temple   | Entered the Ecumenical Temple
  3718 | Temple   | 3718 ||| PLANNING OKAWARU WORSHIP
  3726 | Temple   | Became a worshipper of Warmaster Okawaru
  3727 | Temple   | 3727 ||| PLANNING D:1-11
  3878 | D:4      | Found a snail-covered altar of Cheibriados.
  4095 | D:5      | Entered Level 5 of the Dungeon
  4116 | D:5      | Noticed Grinder
  4134 | D:5      | Killed Grinder
  4205 | D:5      | Reached skill level 8 in Ranged Weapons
  4213 | D:5      | Reached XP level 8. HP: 44/49 MP: 8/8
  4321 | D:5      | 4321 ||| FLEEEEING.
  4496 | D:5      | Found a shadowy altar of Dithmenos.
  4506 | D:5      | Reached * piety under Okawaru
  4646 | D:5      | 4646 ||| INVOKING Heroism.
  4647 | D:5      | 4647 ||| INVOKING Heroism.
  4966 | D:5      | Noticed Blork the orc
  4967 | D:5      | 4967 ||| INVOKING Heroism.
  4980 | D:5      | Killed Blork the orc
  4981 | D:5      | Reached skill level 9 in Ranged Weapons
  5019 | D:5      | 5019 ||| RETREATING.
  5020 | D:5      | 5020 ||| INVOKING Heroism.
  5024 | D:5      | 5024 ||| Stepping ~*~*~tactically~*~*~ (outnumbered).
  5055 | D:5      | Reached skill level 3 in Armour
  5055 | D:5      | 5055 ||| INVOKING Heroism.
  5319 | D:5      | 5319 ||| UPGRADING to ring of positive energy.
  5320 | D:5      | 5320 ||| READING scroll labelled HENUCV CAMPIDU.
  5321 | D:5      | 5321 ||| READING scroll labelled PIM AVAUMYUC.
  5322 | D:5      | 5322 ||| READING scroll labelled FAUNOCVYZE.
  5323 | D:5      | 5323 ||| READING scroll labelled EROECUUJOXT.
  5382 | D:6      | HP: 12/51 [centaur/arrow (11)]
  5383 | D:6      | 5383 ||| READING 2 scrolls of teleportation.
  5384 | D:6      | HP: 5/51 [centaur/arrow (8)]
  5566 | D:6      | Reached skill level 6 in Fighting
  5705 | D:6      | Reached XP level 9. HP: 49/56 MP: 9/9
  5871 | D:6      | Reached skill level 10 in Ranged Weapons
  5884 | D:6      | Reached skill level 1 in Invocations
  6080 | D:6      | 6080 ||| INVOKING Heroism.
  6183 | D:6      | 6183 ||| INVOKING Heroism.
  6187 | D:6      | Reached skill level 3 in Invocations
  6320 | D:6      | Found an opulent altar of Gozag.
  6351 | D:6      | 6351 ||| STAIRDANCE
  6358 | D:5      | 6358 ||| READING 3 scrolls of identify.
  6358 | D:5      | 6358 ||| IDENTIFYING red potion
  6359 | D:5      | 6359 ||| READING 2 scrolls of identify.
  6359 | D:5      | 6359 ||| IDENTIFYING fizzy brown potion
  6360 | D:5      | 6360 ||| DROPPING potion of lignification.
  6574 | D:6      | 6574 ||| Stepping ~*~*~tactically~*~*~ (outnumbered).
  6576 | D:6      | 6576 ||| INVOKING Heroism.
  6884 | D:7      | 6884 ||| INVOKING Heroism.
  6884 | D:7      | Noticed Maggie
  6885 | D:7      | 6885 ||| RETREATING.
  6915 | D:7      | 6915 ||| INVOKING Heroism.
  6942 | D:7      | HP: 11/57 [Maggie/bolt of fire (17)]
  6943 | D:7      | 6943 ||| READING 4 scrolls of teleportation.
  6943 | D:7      | HP: 2/57 [Maggie/+0 halberd of distortion (5)]
  6944 | D:7      | 6944 ||| INVOKING Heroism.
  6944 | D:7      | Killed from afar by Maggie

Levels and vault maps discovered:
D:1:      minmay_arrival_shattered_statue, layout_loops_corners,
          grunt_decor_resistance, minmay_quantized
D:2:      kennysheep_six_static_rooms, layout_basic,
          chequers_serial_rivers_small_a, eino_curves_03
D:3:      layout_loops_ring, nicolae_overflow_hidden_temple,
          kennysheep_decorative_pillar, st_stairs_11, uniq_sigmund, uniq_robin,
          uniq_jessica, uniq_crazy_yiuf_cottage
D:4:      layout_basic, mainiacjoe_overflow_24_doors,
          minmay_temple_entry_statues_fountains, gup_sewer_entry_spiral
D:5:      minmay_opposing_rooms, layout_loops_ring,
          mainiacjoe_overflow_boulevard, uniq_blork_the_orc, uniq_grinder
D:6:      minmay_spotlight, layout_gridville, amcnicky_altar_gilded
D:7:      layout_gridville, minmay_fractal_squares_gapless_5, uniq_maggie
Temple:   nicolae_temple_no_exploring_needed

Skill      XL: |  1  2  3  4  5  6  7  8  9 |
---------------+----------------------------+-----
Ranged Weapons | 5 6 8 9 10 | 10.9
Fighting       | 3 5 6 7 |  7.0
Armour         | 1 2 3 |  3.4
Dodging        | 2 |  2.4
Invocations    | 4 |  4.1
Stealth        | |  1.1

Action                     |  1- 3 |  4- 6 |  7- 9 || total
---------------------------+-------+-------+-------++-------
   Fire: Shortbow          |    98 |   199 |   519 ||   816
 Invoke: Heroism           |       |       |    10 ||    10
    Use: Scroll            |     5 |       |     8 ||    13
         Potion            |     1 |       |       ||     1
 Armour: Leather armour    |    26 |     1 |       ||    27
         Ring mail         |       |   121 |   252 ||   373
  Dodge: Dodged            |    16 |   123 |   147 ||   286
  Block: Other             |       |    65 |    74 ||   139
         Reflection        |       |     1 |     5 ||     6

Table legend:
 A = Non-vault XP
 B = Vault XP
 C = Vault XP percentage of total XP
 D = Non-vault monster count
 E = Vault monster count
 F = Vault count percentage of total count
                 A         B        C        D         E       F
            +---------+---------+-------+---------+---------+-------
      Total |    2495 |    1629 |  39.5 |     115 |      75 |  39.5
            +---------+---------+-------+---------+---------+-------
        D:1 |      19 |       8 |  29.6 |      12 |       4 |  25.0
        D:2 |      53 |      21 |  28.4 |      16 |       6 |  27.3
        D:3 |      31 |     307 |  90.8 |      10 |      17 |  63.0
        D:4 |     286 |       9 |   3.1 |      24 |       6 |  20.0
        D:5 |     511 |     644 |  55.8 |      16 |      12 |  42.9
        D:6 |    1077 |     569 |  34.6 |      27 |       7 |  20.6
        D:7 |     518 |       0 |   0.0 |      10 |       0 |   0.0
      Sewer |       0 |      71 | 100.0 |       0 |      23 | 100.0
            +---------+---------+-------+---------+---------+-------
